 Dungeon Crawl Stone Soup version 0.31-a0-516-gfcb59812bd (webtiles) character file.

Game seed: 8200155218835788696

29967 AIAndy the Mimic (level 13, -1/109 (113) HPs)
             Began as an Octopode Shapeshifter on Aug 9, 2023.
             Was an Elder of Nemelex Xobeh.
             Slain by a seven-headed hydra (5 damage)
             ... on level 2 of the Lair of Beasts on Aug 10, 2023.
             The game lasted 00:59:21 (15568 turns).

AIAndy the Mimic (Octopode Shapeshifter)           Turns: 15568, Time: 00:59:22

HP:   -1/109 (113)  AC: 12    Str: 30    XL:     13   Next: 48%
MP:   21/21         EV: 13    Int: 10    God:    Nemelex Xobeh [****..]
Gold: 320           SH:  0    Dex: 12    Spells: 6/12 levels left

rFire   + +          +
                       - Unarmed
rCold   . . .        (shield currently unavailable)
rNeg    . . .        (helmet currently unavailable)
rPois   +            (no amulet)
rElec   .            C - ring of protection from cold
rCorr   .            E - +5 ring of evasion
SInv    +            v - ring of see invisible
Will    +....        f - ring of protection from fire
Stlth   +            w - ring of willpower
HPRegen 0.38/turn    (no ring)
MPRegen 0.17/turn    (no ring)
                     (no ring)

%: no passive effects
@: short of breath, dragon-form, flying, lightly drained
A: dragon claw, dragon scales, breathe fire, flying, boosted hp, almost no
armour, amphibious, 8 rings, giant, (camouflage 1), (gelatinous body 1), (nimble
swimmer 1), (tentacles)
a: Breathe Fire, Begin Untransformation, Renounce Religion, Draw Escape, Draw
Destruction, Draw Summoning, Triple Draw, Deal Four


You were on level 2 of the Lair of Beasts.
You worshipped Nemelex Xobeh.
Nemelex Xobeh was greatly pleased with you.
You were a fearsome dragon!
You visited 3 branches of the dungeon, and saw 15 of its levels.
You also visited: Bailey.

You collected 1120 gold pieces.
You spent 800 gold pieces at shops.


Innate Abilities, Weirdness & Mutations

You are a fearsome dragon!
You have a powerful clawing attack.
Your giant scaled body is strong and resilient, but less evasive.
You can breathe fire.
You are flying.
Your maximum health is greatly increased.
Your armour is entirely melded.
You are incapable of wielding weapons or throwing items.
You cannot wear most types of armour.
You are amphibious.
You can wear up to eight rings at the same time.
((Your skin changes colour to match your surroundings (Stealth+).))
((Your rubbery body absorbs attacks. (AC +1, EV +1)))
((You are camouflaged when in or above water. (Stealth+)))
((You have tentacles for arms and can constrict up to eight enemies at once.))


   Skills:
 + Level 5.2 Fighting
 + Level 4.0 Dodging
 + Level 10.7 Unarmed Combat
 + Level 10.8 Invocations
 + Level 14.3 Shapeshifting


You had 6 spell levels left.
You knew the following spells:

 Your Spells              Type           Power      Damage    Failure   Level
I - Blink                 Tloc           0%         N/A       50%         2
X - Manifold Assault      Tloc           0%         N/A       98%         4

Your spell library contained the following spells:

 Spells                   Type           Power      Damage    Failure   Level
 Apportation              Tloc           0%         N/A       36%         1
 Magic Dart               Conj           0%         1d3       36%         1
 Necrotise                Necr           0%         1d4       36%         1
 Slow                     Hex            0%         N/A       36%         1
 Summon Small Mammal      Summ           0%         N/A       36%         1
 Cigotuvi's Dreadful Rot  Necr/Pois/Air  0%         N/A       50%         2
 Scorch                   Fire           0%         2d5       50%         2
 Searing Ray              Conj           0%         2d4       50%         2
 Confusing Touch          Hex            0%         N/A       75%         3
 Dazzling Flash           Conj/Hex       0%         N/A       75%         3
 Ignite Poison            Fire/Tmut/Pois 0%         N/A       75%         3
 Vampiric Draining        Necr           0%         2d6       75%         3
 Volatile Blastmotes      Fire/Tloc      0%         2d10      75%         3
 Animate Dead             Necr           0%         N/A       98%         4
 Flame Wave               Conj/Fire      0%         2d4       98%         4
 Fulminant Prism          Conj/Hex       0%         3d5       98%         4
 Passage of Golubria      Tloc           0%         N/A       98%         4
 Agony                    Necr           0%         N/A       100%        5
 Freezing Cloud           Conj/Ice/Air   0%         6-21      100%        5
 Silence                  Hex/Air        0%         N/A       100%        5
 Starburst                Conj/Fire      0%         6d3       100%        6
 Summon Cactus Giant      Summ           0%         N/A       100%        6
 Haunt                    Necr/Summ      0%         N/A       100%        7
 Infestation              Necr           0%         N/A       100%        8
 Lehudib's Crystal Spear  Conj/Erth      0%         10d2      100%        8
 Maxwell's Capacitive Co  Air            0%         ∞         100%        8

Inventory:

Hand Weapons
 d - the +8 whip "Snakebite" {venom, curare, rPois, =f}
   (You found it on level 1 of the Lair of Beasts)

   rPois:     It protects you from poison
 o - the +10 sling of Mourning {elec, +Blink rElec Int+2 Dex-2}
   (You found it on level 8 of the Dungeon)

   Int+2:     It affects your intelligence (+2).
   Dex-2:     It affects your dexterity (-2).
   rElec:     It insulates you from electricity.
   +Blink:    It lets you blink.
Missiles
 i - 6 boomerangs
 y - a throwing net {=f}
Armour
 Q - a +1 hat
Magical Staves
 L - a staff of death
Jewellery
 f - a ring of protection from fire (on tentacle)
 v - a ring of see invisible (on tentacle)
 w - a ring of willpower (on tentacle)
 C - a ring of protection from cold (left foreclaw)
 E - a +5 ring of evasion (right foreclaw)
 F - a ring of fire
Talismans
 c - a flux talisman
 n - a serpent talisman
 r - a blade talisman
 t - a dragon-blood talisman (active)
 H - a beast talisman
Wands
 b - a wand of flame (1)
 I - a wand of polymorph (4)
 N - a wand of paralysis (2)
Scrolls
 e - 10 scrolls of teleportation {unknown}
 h - a scroll of enchant weapon
 k - a scroll of blinking
 m - a scroll of enchant armour {unknown}
 u - a scroll of poison
 A - a scroll of revelation
 B - 3 scrolls of fog
 O - 2 scrolls of amnesia
Potions
 a - 4 potions of lignification {!q}
 g - 3 potions of resistance
 j - 2 potions of attraction {!q}
 l - 4 potions of berserk rage {!q}
 p - 2 potions of brilliance
 s - a potion of might
 x - 3 potions of enlightenment
 z - 4 potions of invisibility
 D - a potion of cancellation
 G - 2 potions of magic
 K - 4 potions of curing {unknown}
 M - a potion of ambrosia
 P - 2 potions of haste {@q3}

Dungeon Overview and Level Annotations

Branches:
Dungeon (12/15)            Temple (1/1) D:4            Lair (2/5) D:9
 Shoals (0/4) Lair:2          Orc (0/2) D:12         Bailey (visited)
  Snake: Lair:2-3    Spider: Lair:2-3

Altars:
Ashenzari
Cheibriados
Dithmenos
Elyvilon
Fedhas
Gozag
Hepliaklqana
Makhleb
Nemelex Xobeh
Okawaru
Qazlal
Ru
Sif Muna
Uskayaw
Vehumet
Wu Jian
Xom
Yredelemnul
Zin
The Shining One

Shops:
D:1 = D:9

* ###### ### #####
P#...########.######..#.#########
.................................
.................................
...##..#..P...#/...#.#..#P.##....
.................................
..P#.....P#............##..P.#.#.
................D.✱..............
........#..#..✱○D☼...###.###..#.#
........#..#....✱....#.####..##.#
.................................
.......#...#..PP..#..P..P.......†
........................P....†P..
P...............##...........P.##
.....................#####..####.
....................##...##.##...
....†................###.........


You could see a seven-headed hydra (ally target).


Message History

* * * LOW HITPOINT WARNING * * *
The seven-headed hydra bites you.
* * * LOW HITPOINT WARNING * * *
The seven-headed hydra closely misses you.
The seven-headed hydra completely misses you.
The seven-headed hydra bites you but does no damage.
The seven-headed hydra bites you.
* * * LOW HITPOINT WARNING * * *
The seven-headed hydra bites you but does no damage.
Use which ability? (? or * to list)
You draw a card...
You have drawn the Orb.
Press: ? - help, Shift-Dir - straight line, f/p - seven-headed hydra
Aim: a seven-headed hydra (heavily wounded)
The wavering orb of destruction weakly hits the seven-headed hydra!!
The seven-headed hydra is almost dead.
The seven-headed hydra bites you!
* * * LOW HITPOINT WARNING * * *
The seven-headed hydra bites you.
* * * LOW HITPOINT WARNING * * *
The seven-headed hydra bites you.
* * * LOW HITPOINT WARNING * * *
The seven-headed hydra bites you.
* * * LOW HITPOINT WARNING * * *
The seven-headed hydra bites you!
* * * LOW HITPOINT WARNING * * *
The seven-headed hydra bites you but does no damage.
The seven-headed hydra bites you.
You die...
Your body glows with a rainbow of weird colours and disappears.

Skill      XL: |  1  2  3  4  5  6  7  8  9 10 11 12 13 |
---------------+----------------------------------------+-----
Shapeshifting  | 4 5 6 7 8 9 10 11 14 | 14.3
Invocations    | 4 6 9 10 | 10.8
Unarmed Combat | 5 7 9 10 | 10.7
Fighting       | 2 3 4 5 |  5.2
Dodging        | 4 |  4.0

Action                     |  1- 3 |  4- 6 |  7- 9 | 10-12 | 13-15 || total
---------------------------+-------+-------+-------+-------+-------++-------
  Melee: Unarmed           |    56 |   147 |   282 |   364 |   104 ||   953
         Constrict         |    12 |    40 |    70 |    67 |       ||   189
         Tentacles         |     5 |    24 |       |       |       ||    29
         Tailslap          |       |       |       |     6 |    14 ||    20
         Bite              |       |       |       |     3 |     8 ||    11
         Punch             |       |       |       |       |     8 ||     8
 Invoke: Draw Destruction  |       |       |       |    15 |     2 ||    17
         Triple Draw       |       |       |       |       |     1 ||     1
         Deal Four         |       |       |       |       |     1 ||     1
Ability: Breathe Fire      |       |       |       |     4 |    18 ||    22
  Evoke: Wand              |       |       |       |     5 |       ||     5
    Use: Scroll            |       |     5 |     1 |    16 |     2 ||    24
         Potion            |       |       |       |     5 |     1 ||     6
   Stab: Sleeping          |     4 |     3 |     1 |     1 |       ||     9
         Distracted        |     1 |     1 |       |       |       ||     2
 Armour: Skin              |     7 |    37 |    66 |    85 |    42 ||   237
  Dodge: Dodged            |    30 |    77 |   174 |   237 |    76 ||   594
   Form: Flux              |     1 |       |       |       |       ||     1
         Anaconda          |       |     1 |       |       |       ||     1
         Dragon            |       |       |       |     1 |       ||     1

Levels and vault maps discovered:
D:1:      dpeg_arrival_tiny_d, layout_basic, serial_shops, nicolae_shop_crystal,
          dk_noncrumbling_3, ebering_dispersal_statue_hall,
          minmay_close_crescents
D:2:      layout_basic, uniq_natasha
D:3:      layout_basic, nicolae_overflow_hidden_temple,
          nicolae_concentric_dashed_squares_mild
D:4:      layout_basic, lemuel_crystal_altar, mainiacjoe_overflow_boulevard,
          mainiacjoe_overflow_concentric_impassable, minmay_temple_entry_tees
D:5:      lemuel_ice_spiral_2, layout_rooms
D:6:      layout_gridville, general_overflow_altar
D:7:      layout_cave_pools
D:8:      layout_basic, mainiacjoe_overflow_six_doors_small, enter_bailey_8,
          grunt_ministairs_3, uniq_amaemon, uniq_erica
D:9:      layout_loops_cross, david_lair_shrubbed, serial_shops,
          nicolae_shop_temple_entry_statues_fountains, uniq_maggie, uniq_maurice
D:10:     layout_roguey, nzn_wu_jian_contemplation, uniq_erolcha
D:11:     layout_layer_cave, minmay_misc_feat_room,
          nicolae_qazlal_style_of_elements
D:12:     layout_stronghold, erik_orc_3
Temple:   nicolae_temple_superstar
Lair:1:   minmay_guarded_unrand_snakebite, layout_chaotic_city
Lair:2:   beast_lair_carwin_large_1, layout_long_grid, shoals_dummy_entry,
          serial_bayou_pond_c

Notes
Turn   | Place    | Note
-------+----------+-------------------------------------------
     0 | D:1      | AIAndy the Octopode Shapeshifter began the quest for the
                  | Orb.
     0 | D:1      | Reached XP level 1. HP: 13/13 MP: 1/1
    65 | D:1      | Found Bepnaher's Jewellery Shoppe.
   165 | D:1      | Reached XP level 2. HP: 11/18 MP: 2/2
   861 | D:1      | Reached XP level 3. HP: 23/23 MP: 3/3
  1040 | D:2      | Noticed Natasha
  1049 | D:2      | Killed Natasha
  1050 | D:2      | Reached XP level 4. HP: 11/28 MP: 4/4
  1139 | D:2      | Reached skill level 4 in Shapeshifting
  1535 | D:2      | Identified the +2 robe of the Evening {rPois Int+2}
  1927 | D:2      | Noticed Natasha
  1937 | D:2      | Killed Natasha
  1938 | D:2      | Reached XP level 5. HP: 15/33 MP: 5/5
  2667 | D:3      | Reached skill level 5 in Shapeshifting
  3131 | D:4      | Reached XP level 6. HP: 33/38 MP: 6/6
  3206 | D:4      | Found a hide-covered altar of Uskayaw.
  3211 | D:4      | Noticed a black bear
  3216 | D:4      | Killed a black bear
  3247 | D:4      | Found a staircase to the Ecumenical Temple.
  3256 | Temple   | Entered the Ecumenical Temple
  3263 | Temple   | Became a worshipper of Nemelex Xobeh the Trickster
  3284 | D:4      | Reached skill level 6 in Shapeshifting
  3312 | D:4      | Found a stormy altar of Qazlal.
  3374 | D:4      | Found an iron altar of Okawaru.
  3714 | D:5      | Entered Level 5 of the Dungeon
  3721 | D:5      | Identified a potion of resistance
  3729 | D:5      | Noticed a steam dragon
  3944 | D:5      | Killed a steam dragon
  3945 | D:5      | Reached XP level 7. HP: 29/43 MP: 7/7
  4002 | D:5      | Reached skill level 7 in Shapeshifting
  4124 | D:5      | Reached * piety under Nemelex Xobeh
  4375 | D:6      | Reached XP level 8. HP: 44/48 MP: 8/8
  4381 | D:6      | Reached skill level 1 in Invocations
  4512 | D:6      | Reached skill level 4 in Unarmed Combat
  4560 | D:6      | Received a gift from Nemelex Xobeh
  4761 | D:6      | Reached skill level 2 in Invocations
  4927 | D:6      | Reached skill level 8 in Shapeshifting
  5096 | D:6      | Reached skill level 3 in Invocations
  5164 | D:6      | Found a snail-covered altar of Cheibriados.
  5279 | D:7      | Reached skill level 5 in Unarmed Combat
  5447 | D:7      | Reached skill level 4 in Invocations
  5447 | D:7      | Reached XP level 9. HP: 53/53 MP: 10/12
  6047 | D:8      | Found an opulent altar of Gozag.
  6047 | D:8      | Reached ** piety under Nemelex Xobeh
  6076 | D:8      | Reached skill level 6 in Unarmed Combat
  6076 | D:8      | Reached skill level 5 in Invocations
  6344 | D:8      | Received a gift from Nemelex Xobeh
  6362 | D:8      | Noticed Erica
  6362 | D:8      | Noticed a two-headed ogre
  6406 | D:8      | Reached skill level 9 in Shapeshifting
  6411 | D:8      | Reached skill level 6 in Invocations
  6414 | D:8      | HP: 6/63 [poisoned by a killer bee]
  6504 | D:8      | Identified the +10 sling of Mourning {elec, +Blink rElec
                  | Int+2 Dex-2}
  6521 | D:8      | Found a flagged portal.
  6530 | Bailey   | Entered a bailey
  6732 | Bailey   | Reached skill level 7 in Unarmed Combat
  6901 | Bailey   | Reached skill level 2 in Fighting
  6915 | Bailey   | Reached XP level 10. HP: 56/60 MP: 14/14
  7243 | Bailey   | Reached skill level 3 in Fighting
  7305 | Bailey   | Noticed an orc warlord
  7320 | Bailey   | Killed an orc warlord
  7321 | Bailey   | Reached skill level 7 in Invocations
  7494 | Bailey   | Reached skill level 9 in Unarmed Combat
  7494 | Bailey   | Reached skill level 9 in Invocations
  7494 | Bailey   | Reached skill level 10 in Shapeshifting
  7494 | Bailey   | Reached XP level 11. HP: 68/68 MP: 15/18
  7990 | D:8      | Noticed Amaemon
  7992 | D:8      | Amaemon changed into Amaemon the black mamba
  7992 | D:8      | Noticed Amaemon
  7994 | D:8      | Killed Amaemon the black mamba
  7998 | D:8      | Reached skill level 10 in Unarmed Combat
  8440 | D:8      | Killed Erica
  8441 | D:8      | Reached skill level 10 in Invocations
  8554 | D:9      | Found a staircase to the Lair.
  8556 | D:9      | Noticed Maggie
  8563 | D:9      | Killed Maggie
  8564 | D:9      | Reached skill level 11 in Shapeshifting
  8699 | D:9      | Noticed Maurice
  8709 | D:9      | Killed Maurice
  8860 | D:9      | Received a gift from Nemelex Xobeh
  9057 | D:9      | Reached *** piety under Nemelex Xobeh
  9118 | D:9      | Found Nemeix's Assorted Antiques.
  9142 | D:9      | Reached XP level 12. HP: 74/74 MP: 19/19
  9271 | D:10     | Entered Level 10 of the Dungeon
  9422 | D:10     | Reached skill level 12 in Shapeshifting
  9575 | D:10     | Noticed Erolcha
  9594 | D:10     | Killed Erolcha
  9798 | D:10     | Found an ornate altar of the Wu Jian Council.
  9929 | D:10     | Received a gift from Nemelex Xobeh
 10059 | D:11     | Noticed a tengu warrior
 10145 | D:11     | Found a stormy altar of Qazlal.
 10372 | D:11     | Noticed a boulder beetle
 10385 | D:11     | Killed a boulder beetle
 10388 | D:11     | Reached skill level 13 in Shapeshifting
 10800 | D:11     | Killed a tengu warrior
 11138 | D:11     | Reached **** piety under Nemelex Xobeh
 11943 | D:1      | Bought a dragon-blood talisman for 800 gold pieces
 12300 | D:12     | Found a staircase to the Orcish Mines.
 12432 | D:12     | Noticed a two-headed ogre
 12439 | D:12     | Killed a two-headed ogre
 12920 | D:12     | Noticed a boulder beetle
 12930 | D:12     | Killed a boulder beetle
 12931 | D:12     | Reached skill level 14 in Shapeshifting
 12987 | D:12     | Received a gift from Nemelex Xobeh
 13331 | Lair:1   | Entered Level 1 of the Lair of Beasts
 13372 | Lair:1   | Reached skill level 4 in Fighting
 13372 | Lair:1   | Reached XP level 13. HP: 74/79 MP: 20/20
 13661 | D:9      | HP: 3/109 [komodo dragon (17)]
 13921 | D:9      | Upgraded the game from 0.31-a0-506-g3d79149578 to
                  | 0.31-a0-516-gfcb59812bd
 13925 | Lair:1   | Reached skill level 3 in Dodging
 14489 | Lair:1   | Found the +8 whip "Snakebite" {venom, curare, rPois}
 14582 | Lair:1   | Received a gift from Nemelex Xobeh
 14855 | Lair:2   | Found a staircase to the Shoals.
 15028 | Lair:2   | Reached skill level 5 in Fighting
 15205 | Lair:2   | Reached skill level 4 in Dodging
 15265 | Lair:2   | Learned a level 4 spell: Manifold Assault
 15376 | Lair:2   | Received a gift from Nemelex Xobeh
 15535 | Lair:2   | Learned a level 2 spell: Blink
 15568 | Lair:2   | HP: 4/109 [seven-headed hydra (8)]
 15568 | Lair:2   | Slain by a seven-headed hydra

Vanquished Creatures
  An orc warlord (Bailey)
  Erica (D:8)
  Erolcha (D:10)
  A two-headed ogre (D:12)
  2 boulder beetles
  A tengu warrior (D:11)
  An ugly thing (D:12)
  Maurice (D:9)
  A rust devil (D:8)
  6 black mambas
  4 cane toads
  Maggie (D:9)
  5 komodo dragons
  An unseen horror (D:11)
  3 rime drakes
  3 polar bears (Lair:2)
  2 trolls
  A hornet (D:8)
  5 blink frogs
  A shadow (D:11)
  2 wraiths
  A basilisk (Lair:2)
  24 yaks
  3 steam dragons
  A warg (D:12)
  6 water moccasins
  14 orc warriors
  A sky beast (D:8)
  10 black bears
  2 ogres
  3 wolves (Lair:2)
  7 centaurs
  2 phantoms (D:5)
  5 kobold brigands
  A gnoll sergeant (D:10)
  6 bullfrogs
  A scorpion (D:4)
  15 wights
  9 killer bees
  7 howler monkeys
  2 hounds
  8 orc priests
  3 sleepcaps
  2 gnoll boudas
  3 iguanas
  Natasha (twice) (D:2)
  7 orc wizards
  4 hell rats (Lair:2)
  20 gnolls
  8 adders
  A white imp (D:6)
  4 ufetubi
  A dart slug (D:2)
  A worm (D:3)
  34 orcs
  8 bats
  10 endoplasms
  A giant cockroach (D:4)
  19 goblins
  19 hobgoblins
  7 jackals
  32 kobolds
  7 quokkas
  5 ball pythons
  6 frilled lizards
  8 rats
384 creatures vanquished.

Table legend: (Time is in decaauts)
 A = Elapsed time spent in this place.
 B = Non-inter-level travel time spent in this place.
 C = Inter-level travel time spent in this place.
 D = Time resting spent in this place.
 E = Time spent auto-exploring this place.
 F = Levels seen in this place.
 G = Mean time per level.
                   A        B        C        D        E       F      G
               +--------+--------+--------+--------+--------+-----+--------+
         Total |  15456 |  14286 |   1170 |    922 |  10973 |  16 |  966.0 |
       Dungeon |  12490 |  11348 |   1142 |    501 |   9098 |  12 | 1040.8 |
        Temple |     14 |     14 |      0 |      0 |      0 |   1 |   14.0 |
          Lair |   1942 |   1915 |     27 |    143 |   1397 |   2 |  971.0 |
        Bailey |   1008 |   1008 |      0 |    278 |    478 |   1 | 1008.0 |
               +--------+--------+--------+--------+--------+-----+--------+

Top non-repeatable levels by time:
     D:8: 1400 daAuts
    D:11: 1364 daAuts
    D:12: 1259 daAuts
  Lair:1: 1239 daAuts
     D:2: 1184 daAuts
     D:1: 1173 daAuts
     D:6: 1101 daAuts
     D:9: 1091 daAuts
  Bailey: 1008 daAuts
     D:3: 940 daAuts
    D:10: 914 daAuts
     D:7: 740 daAuts
     D:4: 703 daAuts
  Lair:2: 703 daAuts
     D:5: 615 daAuts

Table legend:
 A = Non-vault XP
 B = Vault XP
 C = Vault XP percentage of total XP
 D = Non-vault monster count
 E = Vault monster count
 F = Vault count percentage of total count
                 A         B        C        D         E       F
            +---------+---------+-------+---------+---------+-------
      Total |   23938 |   12021 |  33.4 |     283 |     101 |  26.3
            +---------+---------+-------+---------+---------+-------
        D:1 |      34 |       6 |  15.0 |      21 |       4 |  16.0
        D:2 |     113 |      35 |  23.6 |      26 |       1 |   3.7
        D:3 |      67 |       0 |   0.0 |      18 |       0 |   0.0
        D:4 |     248 |       0 |   0.0 |      16 |       0 |   0.0
        D:5 |     641 |       0 |   0.0 |      13 |       0 |   0.0
        D:6 |     661 |       0 |   0.0 |      30 |       0 |   0.0
        D:7 |    1009 |       0 |   0.0 |      21 |       0 |   0.0
        D:8 |    1484 |    2135 |  59.0 |      24 |       9 |  27.3
        D:9 |    1738 |    1255 |  41.9 |      28 |       3 |   9.7
       D:10 |    4127 |     841 |  16.9 |      30 |       1 |   3.2
       D:11 |    2976 |       0 |   0.0 |      13 |       0 |   0.0
       D:12 |    4175 |     570 |  12.0 |      14 |      19 |  57.6
     Lair:1 |    4270 |    2448 |  36.4 |      15 |      10 |  40.0
     Lair:2 |    2395 |    1814 |  43.1 |      14 |      10 |  41.7
     Bailey |       0 |    2917 | 100.0 |       0 |      44 | 100.0
            +---------+---------+-------+---------+---------+-------
